 Dungeon Crawl Stone Soup version 0.30-a0-1114-gd936c97349 (console) character file.

Game seed: 2528216247432504952

13180 Ignak the Fighter (level 12, -11/123 HPs)
             Began as an Ogre Hedge Wizard on Apr 21, 2023.
             Was a High Priest of Okawaru.
             Mangled by a two-headed ogre
             ... wielding a +0 giant spiked club
              (30 damage)
             ... on level 2 of the Orcish Mines.
             The game lasted 00:34:10 (13617 turns).

Ignak the Fighter (Ogre Hedge Wizard)              Turns: 13617, Time: 00:34:11

Health: -11/123    AC: 10    Str: 19    XL:     12   Next: 3%
Magic:  19/24      EV: 11    Int: 17    God:    Okawaru [*****.]
Gold:   902        SH:  0    Dex:  8    Spells: 16/28 levels left

rFire   . . .      SeeInvis .    a - +0 broad axe (elec)
rCold   . . .      Faith    .    (no shield)
rNeg    . . .      Spirit   .    C - +1 robe {Will+}
rPois   .          Reflect  .    n - +1 hat {Will+}
rElec   .          Rampage  .    f - +0 cloak
rCorr   .                        (gloves unavailable)
Will    +++..                    (boots unavailable)
Stlth   +                        (no amulet)
HPRegen 0.40/turn                k - +4 ring of protection
MPRegen 0.19/turn                (no ring)

@: on blink cooldown
A: large, unfitting armour, tough skin 1, talons 1, noise suppression
a: Renounce Religion, Heroism, Finesse, Duel


You were on level 2 of the Orcish Mines.
You worshipped Okawaru.
Okawaru was extremely pleased with you.
You visited 3 branches of the dungeon, and saw 13 of its levels.
You also visited: Ossuary.

You collected 1225 gold pieces.
You spent 323 gold pieces at shops.

Inventory:

Hand Weapons
 a - a +0 broad axe of electrocution (weapon)
 H - a +4 whip of venom
Missiles
 l - 19 poisoned darts (quivered)
Armour
 f - a +0 cloak (worn)
 n - a +1 hat of willpower (worn)
 C - a +1 robe of willpower (worn)
Magical Staves
 h - a staff of air
Jewellery
 k - a +4 ring of protection (left hand)
Wands
 s - a wand of polymorph (8)
 z - a wand of digging (4)
 B - a wand of mindburst (2)
Scrolls
 e - a scroll of brand weapon
 j - 3 scrolls of vulnerability
 o - 2 scrolls of amnesia
 q - 3 scrolls of blinking
 t - 8 scrolls of teleportation
 v - 2 scrolls of fog
 A - 2 scrolls of fear
 G - a scroll of identify
Potions
 c - a potion of resistance {unknown}
 d - a potion of magic
 g - a potion of mutation
 i - 8 potions of curing
 m - 2 potions of haste
 p - a potion of ambrosia {unknown}
 r - 2 potions of might
 u - a potion of lignification
 w - a potion of invisibility
 x - 3 potions of flight {unknown}
 D - a potion of brilliance {unknown}
 E - a potion of berserk rage {unknown}


   Skills:
 + Level 9.2 Fighting
 + Level 3.4(5.0) Axes
 - Level 5.2(5.6) Maces & Flails
 * Level 2.2 Armour
 + Level 6.8 Dodging
 - Level 1.4 Stealth
 + Level 8.8 Spellcasting
 - Level 3.0 Conjurations
 - Level 0.8 Summonings
 - Level 3.0 Translocations
 * Level 3.0 Transmutations
 + Level 5.0 Air Magic
 * Level 6.9 Poison Magic
 + Level 5.2 Invocations


You had 16 spell levels left.
You knew the following spells:

 Your Spells              Type           Power      Damage    Failure   Level
a - Magic Dart            Conj           68%        1d6       2%          1
b - Blink                 Tloc           34%        N/A       4%          2
d - Mephitic Cloud        Conj/Pois/Air  24%        N/A       3%          3
e - Olgreb's Toxic Radia  Pois           31%        N/A       5%          4
z - Wereblood             Tmut           17%        N/A       4%          2

Your spell library contained the following spells:

 Spells                   Type           Power      Damage    Failure   Level
 Cigotuvi's Dreadful Rot  Necr/Pois/Air  42%        N/A       2%          2
 Slow                     Hex            28%        N/A       10%         1
 Sublimation of Blood     Necr           7%         N/A       14%         2
 Portal Projectile        Hex/Tloc       24%        N/A       16%         3
 Manifold Assault         Tloc           17%        N/A       28%         4
 Leda's Liquefaction      Hex/Erth       3%         N/A       67%         4
 Dispersal                Tloc           8%         N/A       99%         6
 Discord                  Hex            3%         N/A       100%        8
 Disjunction              Tloc           8%         N/A       100%        8
 Ignition                 Fire           3%         3d4       100%        8
 Call Imp                 Summ           Unusable   N/A       N/A         2
 Call Canine Familiar     Summ           Unusable   N/A       N/A         3
 Summon Hydra             Summ           Unusable   N/A       N/A         7

Dungeon Overview and Level Annotations

Branches:
Dungeon (10/15)            Temple (1/1) D:5            Lair (0/5) D:9
    Orc (2/2) D:10            Elf (0/3) Orc:2       Ossuary (visited)

Altars:
Ashenzari
Dithmenos
Elyvilon
Fedhas
Hepliaklqana
Kikubaaqudgha
Okawaru
Sif Muna
Trog
Vehumet
Wu Jian

Shops:
D:3 :   D:4 [:[   D:10 *


Innate Abilities, Weirdness & Mutations

You are too large for most types of armour.
You have tough skin. (AC +1)
You have sharp toenails.
You passively dampen the noise of your surroundings.


Message History

H - a +0 broad axe of electrocution (weapon)
Adjust to which letter? (? for menu, Esc to quit)
a - a +0 broad axe of electrocution (weapon)
H - a +4 whip of venom Search for what [Enter for "brand", or ? for help]? shield Unknown command.
Search for what [Enter for "shield", or ? for help]? buckler You start resting.
Magic restored.
You start resting.
HP restored.
There is a stone staircase leading down, spattered with blood here.
You climb downwards.
The two-headed ogre hits you with a +0 giant spiked club!
The two-headed ogre hits you with a +0 giant club!
There is a stone staircase leading up, spattered with blood here.
You slash the two-headed ogre! You claw the two-headed ogre.
The two-headed ogre is moderately wounded.
The two-headed ogre hits you with a +0 giant spiked club!!
The two-headed ogre hits you with a +0 giant club!
Casting: Mephitic Cloud (mildly dangerous; 3% risk of failure)
Confirm with . or Enter, or press ? or * to list all spells.
You blink.
The two-headed ogre attacks as you move away!
The two-headed ogre hits you with a +0 giant spiked club!
* * * LOW HITPOINT WARNING * * *
The two-headed ogre hits you with a +0 giant club!
* * * LOW HITPOINT WARNING * * *
Casting: Blink (safe; 4% risk of failure)
Confirm with . or Enter, or press ? or * to list all spells.
Aiming: Mephitic Cloud (mildly dangerous; 3% risk of failure)
Press: ? - help, Shift-Dir - straight line, f - two-headed ogre
Aim: a two-headed ogre, wielding a +0 giant spiked club and a +0 giant club (moderately wounded, chance to affect: 53%)
The ball explodes into a vile cloud!
The stinking cloud engulfs the two-headed ogre but does no damage.
The two-headed ogre is moderately wounded.
The two-headed ogre is engulfed in noxious fumes.
The two-headed ogre attacks as you move away!
The two-headed ogre hits you with a +0 giant spiked club!!
You die...

###### #################
.#...#.##.#.#......##.##.
........@................
........O☼○..............
........○○☼..............
>........§○..............
.........................
.........<...............
.........)...............
.........................
.........()..............


You could see a two-headed ogre.

Vanquished Creatures
  An ogre mage (Orc:2)
  3 two-headed ogres
  A deep troll (Orc:2)
  An orc knight (D:10)
  An oklob plant (Orc:1)
  A cyclops (Orc:2)
  A gargoyle (D:8)
  A rime drake (D:9)
  5 trolls
  3 hornets
  A vampire (D:10)
  A wyvern (D:9)
  A wraith (D:10)
  A warg (Orc:1)
  A steam dragon (D:8)
  3 water moccasins
  5 orc warriors
  6 ice beasts
  2 black bears
  14 ogres
  A centaur (D:10)
  5 wolves (D:9)
  A phantom (D:5)
  A kobold brigand (D:7)
  3 bullfrogs
  Blork the orc (D:4)
  3 scorpions
  3 water moccasin zombies (Ossuary)
  3 wights (D:9)
  15 killer bees
  4 howler monkeys
  12 orc priests
  6 hounds
  2 jellies
  5 iguanas
  13 orc wizards
  2 mummies (Ossuary)
  A gnoll (D:5)
  10 adders
  A shadow imp (D:6)
  2 white imps (D:6)
  2 ufetubi (D:4)
  5 adder zombies (Ossuary)
  A worm (D:4)
  A dart slug (D:2)
  47 orcs
  6 ball pythons
  6 endoplasms
  A giant cockroach (D:4)
  8 goblins
  2 hobgoblins (D:1)
  2 jackals (D:1)
  14 kobolds
  4 quokkas
  3 bats (D:1)
  A frilled lizard (D:2)
  3 gnoll zombies (Ossuary)
  6 hobgoblin zombies (Ossuary)
  2 orc zombies (Ossuary)
  7 rats
268 creatures vanquished.

Vanquished Creatures (collateral kills)
  2 adders (D:2)
  A worm (D:2)
  An orc (D:5)
  A ball python (D:1)
  2 bats (D:1)
  A giant cockroach (D:1)
  2 hobgoblins (D:1)
  A jackal (D:1)
  A kobold (D:2)
  A quokka (D:1)
  2 gnoll zombies (Ossuary)
  A goblin (D:1)
  A hobgoblin zombie (Ossuary)
  3 kobold zombies (Ossuary)
  A rat (D:2)
21 creatures vanquished.

Vanquished Creatures (others)
  2 fungi (D:3)
  A plant (D:3)
3 creatures vanquished.

Grand Total: 292 creatures vanquished

Notes
Turn   | Place    | Note
-------+----------+-------------------------------------------
     0 | D:1      | Ignak the Ogre Hedge Wizard began the quest for the Orb.
     0 | D:1      | Reached XP level 1. HP: 16/16 MP: 5/5
    87 | D:1      | Reached skill level 1 in Conjurations
    87 | D:1      | Reached skill level 1 in Translocations
   162 | D:1      | Reached XP level 2. HP: 23/26 MP: 2/6
   171 | D:1      | Learned a level 2 spell: Blink
   174 | D:1      | Learned a level 2 spell: Call Imp
   193 | D:1      | Reached skill level 1 in Fighting
   319 | D:1      | Reached XP level 3. HP: 33/33 MP: 4/8
   323 | D:1      | Learned a level 3 spell: Mephitic Cloud
   955 | D:2      | Reached XP level 4. HP: 40/42 MP: 8/10
  1230 | D:2      | Reached skill level 2 in Fighting
  1585 | D:2      | Reached XP level 5. HP: 49/49 MP: 8/11
  1965 | D:3      | Found Manluf's Book Shop.
  1986 | D:3      | Reached skill level 1 in Maces & Flails
  2403 | D:3      | Found a faded altar of an unknown god.
  2539 | D:5      | Entered Level 5 of the Dungeon
  2583 | D:4      | Reached skill level 1 in Poison Magic
  2584 | D:4      | Reached XP level 6. HP: 54/59 MP: 12/12
  2593 | D:4      | Found Kusam's Book Boutique.
  2635 | D:4      | Reached skill level 1 in Air Magic
  2642 | D:4      | Found Ziugila's Armour Shoppe.
  2683 | D:4      | Reached skill level 3 in Fighting
  2708 | D:4      | Noticed a two-headed ogre
  2746 | D:4      | Noticed Blork the orc
  2752 | D:4      | Killed Blork the orc
  2756 | D:4      | Found a shimmering blue altar of Sif Muna.
  2769 | D:4      | Reached XP level 7. HP: 57/67 MP: 6/13
  2897 | D:4      | Found a sand-covered staircase.
  2901 | Ossuary  | Entered an ossuary
  3454 | D:4      | Found Ocaxoid's Antique Armour Shop.
  3584 | D:4      | Killed a two-headed ogre
  3585 | D:4      | Reached skill level 5 in Fighting
  3585 | D:4      | Reached skill level 5 in Spellcasting
  3585 | D:4      | Reached XP level 8. HP: 27/80 MP: 3/16
  4097 | D:5      | Found a staircase to the Ecumenical Temple.
  4122 | D:5      | Reached XP level 9. HP: 74/89 MP: 18/18
  4126 | D:5      | Noticed a hornet
  4130 | D:5      | Paralysed by a hornet for 1 turns
  4135 | D:5      | Killed a hornet
  4136 | D:5      | Reached skill level 6 in Fighting
  4140 | Temple   | Entered the Ecumenical Temple
  4165 | Temple   | Became a worshipper of Warmaster Okawaru
  4508 | D:5      | Gained mutation: You have sharp toenails. [potion of
                  | mutation]
  4508 | D:5      | Gained mutation: You passively dampen the noise of your
                  | surroundings. [potion of mutation]
  4818 | D:4      | Bought a glimmering cloak for 323 gold pieces
  4818 | D:4      | Identified the +2 cloak of the Worm {Harm MP+9 Str+2} (You
                  | bought it in a shop on level 4 of the Dungeon)
  5133 | D:6      | Learned a level 4 spell: Olgreb's Toxic Radiance
  5175 | D:6      | Reached skill level 5 in Dodging
  5767 | D:6      | Reached * piety under Okawaru
  6082 | D:6      | Reached skill level 1 in Invocations
  6690 | D:7      | Reached skill level 7 in Fighting
  6929 | D:7      | Reached XP level 10. HP: 53/102 MP: 10/20
  7097 | D:7      | Reached ** piety under Okawaru
  7769 | D:8      | Noticed a gargoyle
  7773 | D:8      | Killed a gargoyle
  7774 | D:8      | Reached skill level 5 in Maces & Flails
  8493 | D:8      | Reached *** piety under Okawaru
  8655 | D:9      | Reached skill level 5 in Poison Magic
  8950 | D:9      | Reached skill level 8 in Fighting
  8956 | D:9      | Reached skill level 1 in Axes
  8964 | D:9      | Found a staircase to the Lair.
  8979 | D:9      | Reached **** piety under Okawaru
  9302 | D:9      | Noticed a two-headed ogre
  9322 | D:9      | Killed a two-headed ogre
  9323 | D:9      | Reached XP level 11. HP: 25/113 MP: 6/23
 10044 | D:9      | Found a bloodstained altar of Trog.
 10053 | D:9      | Found an ancient bone altar of Kikubaaqudgha.
 10120 | D:10     | Entered Level 10 of the Dungeon
 10245 | D:10     | Learned a level 2 spell: Wereblood
 10256 | D:10     | Found a staircase to the Orcish Mines.
 10429 | D:10     | Received a gift from Okawaru
 10765 | D:10     | Found Qydyskussi's General Store.
 11689 | Orc:1    | Entered Level 1 of the Orcish Mines
 11769 | Orc:1    | Noticed an orc knight
 11812 | D:10     | Killed an orc knight
 11813 | D:10     | Reached skill level 1 in Transmutations
 12415 | Orc:1    | Noticed an oklob plant
 12851 | Orc:1    | Killed an oklob plant
 13032 | Orc:2    | Entered Level 2 of the Orcish Mines
 13058 | Orc:2    | Found a staircase to the Elven Halls.
 13171 | Orc:2    | Noticed an ogre mage
 13177 | Orc:2    | Reached skill level 1 in Armour
 13178 | Orc:2    | Noticed a two-headed ogre
 13181 | Orc:2    | Noticed a deep troll
 13187 | Orc:2    | Killed an ogre mage
 13188 | Orc:2    | Reached skill level 9 in Fighting
 13192 | Orc:2    | Killed a two-headed ogre
 13193 | Orc:2    | Reached skill level 5 in Invocations
 13203 | Orc:2    | Noticed a cyclops
 13205 | Orc:2    | Reached ***** piety under Okawaru
 13206 | Orc:2    | Reached skill level 5 in Air Magic
 13399 | Orc:2    | Killed a cyclops
 13405 | Orc:2    | Killed a deep troll
 13405 | Orc:2    | Received a gift from Okawaru
 13406 | Orc:2    | Reached XP level 12. HP: 107/123 MP: 7/24
 13406 | Orc:2    | Noticed a two-headed ogre
 13617 | Orc:2    | Mangled by a two-headed ogre

Illustrated notes

Levels and vault maps discovered:
D:1:      scummos_arrival_simple_fountains, layout_basic
D:2:      layout_loops_ring, st_stairs_13, minmay_fractal_squares_gapless_5
D:3:      layout_loops_ring, serial_shops, nicolae_shop_behind_doors,
          shapermc_ecumenical_altar_hornbeckon
D:4:      layout_rooms, tgw_sif, enter_ossuary_5, serial_shops, shop,
          nicolae_shop_hallway_plus, kennysheep_little_box, minivault_26,
          st_stairs_3
D:5:      layout_loops_cross, minmay_temple_entry_arrows,
          kennysheep_generic_room_2
D:6:      layout_basic
D:7:      layout_gridville
D:8:      layout_layer_cave
D:9:      layout_long_grid, mainiacjoe_overflow_swirl, hellmonk_lair_entry_icy,
          dreamdust_princess_bridge
D:10:     layout_stronghold, david_orc_2, serial_shops, shop,
          minmay_fountain_box, nicolae_concentric_dashed_squares_mild,
          minmay_misc_feat_enclosed
Temple:   compressed_dpeg_triangle_lava_temple
Orc:1:    layout_diamond_mine, mines3_lemuel
Orc:2:    st_orc_open, layout_caves

Skill      XL: |  1  2  3  4  5  6  7  8  9 10 11 |
---------------+----------------------------------+-----
Conjurations   | 1 2 3 |  3.0
Translocations | 1 2 3 |  3.0
Dodging        | 2 3 4 5 6 |  6.8
Fighting       | 1 2 3 5 7 8 9 |  9.2
Spellcasting   | 4 5 6 7 8 |  8.8
Maces & Flails | 1 3 4 5 |  5.2
Poison Magic   | 1 2 3 5 6 |  6.9
Air Magic      | 1 2 3 4 5 |  5.0
Invocations    | 2 4 5 |  5.2
Axes           | 1 3 |  3.4
Transmutations | 3 |  3.0
Armour         | 2 |  2.2
Stealth        | |  1.4
Summonings     | |  0.8

Action                     |  1- 3 |  4- 6 |  7- 9 | 10-12 || total
---------------------------+-------+-------+-------+-------++-------
  Melee: Dagger            |     8 |       |       |       ||     8
         Club              |    99 |       |       |       ||    99
         Whip              |     7 |   133 |   385 |   174 ||   699
         Punch             |       |       |     4 |     6 ||    10
         Kick              |       |       |    27 |    93 ||   120
         Hand axe          |       |       |       |   119 ||   119
         Broad axe         |       |       |       |     1 ||     1
  Throw: Dart              |       |       |       |     8 ||     8
   Cast: Magic Dart        |    11 |       |     8 |     3 ||    22
         Call Imp          |     9 |     5 |     9 |       ||    23
         Mephitic Cloud    |     2 |     4 |     6 |    18 ||    30
         Blink             |     1 |       |     4 |     8 ||    13
         Olgreb's Toxic Ra |       |       |     4 |    36 ||    40
         Wereblood         |       |       |       |    11 ||    11
 Invoke: Heroism           |       |       |       |     6 ||     6
  Evoke: Wand              |       |       |       |     6 ||     6
    Use: Scroll            |       |     7 |     7 |     3 ||    17
         Potion            |       |       |     9 |     2 ||    11
   Stab: Distracted        |     1 |       |     1 |     1 ||     3
         Confused          |       |     1 |     1 |     2 ||     4
 Armour: Robe              |    99 |    70 |   170 |   109 ||   448
  Dodge: Dodged            |    96 |    74 |   202 |   162 ||   534

Table legend: (Time is in decaauts)
 A = Elapsed time spent in this place.
 B = Non-inter-level travel time spent in this place.
 C = Inter-level travel time spent in this place.
 D = Time resting spent in this place.
 E = Time spent auto-exploring this place.
 F = Levels seen in this place.
 G = Mean time per level.
                   A        B        C        D        E       F      G
               +--------+--------+--------+--------+--------+-----+--------+
         Total |  13615 |  13212 |    403 |   2825 |   6603 |  14 |  972.5 |
       Dungeon |  11203 |  10801 |    402 |   1771 |   6046 |  10 | 1120.3 |
        Temple |    215 |    215 |      0 |    185 |      0 |   1 |  215.0 |
  Orcish Mines |   1881 |   1881 |      0 |    825 |    557 |   2 |  940.5 |
       Ossuary |    315 |    315 |      0 |     44 |      0 |   1 |  315.0 |
               +--------+--------+--------+--------+--------+-----+--------+

Top non-repeatable levels by time:
     D:9: 1771 daAuts
   Orc:1: 1670 daAuts
    D:10: 1345 daAuts
     D:8: 1270 daAuts
     D:6: 1203 daAuts
     D:4: 1083 daAuts
     D:7: 996 daAuts
     D:5: 995 daAuts
     D:2: 875 daAuts
     D:1: 839 daAuts
     D:3: 823 daAuts
 Ossuary: 315 daAuts
  Temple: 215 daAuts
   Orc:2: 211 daAuts
